 Dungeon Crawl Stone Soup version 0.31.0-12-g77e489cdc1 (webtiles) character file.

Game seed: 13222764381801492516

17405 monsoonserge the Thaumaturge (level 12, -2/83 HPs)
             Began as a Djinni Fire Elementalist on Feb 11, 2024.
             Was a High Priest of Elyvilon.
             Slain by a minotaur
             ... wielding a +0 battleaxe
              (7 damage)
             ... in a Gauntlet.
             The game lasted 01:00:34 (9023 turns).

monsoonserge the Thaumaturge (DjFE)                 Turns: 9023, Time: 01:00:34

Health: -2/83      AC: 16    Str:  7    XL:     12   Next: 82%
Gold:   663        EV: 12    Int: 21    God:    Elyvilon [*****.] SH:  5 Dex: 15

rFire   + . .        K - +6 flail (venom)
rCold   . . .        A - +0 buckler
rNeg    . . .        d - +0 acid dragon scales
rPois   ∞            h - +1 helmet
rElec   .            f - +2 cloak
rCorr   +            (no gloves)
SInv    .            (boots unavailable)
Will    +....        k - amulet of regeneration
Stlth   ++           g - ring of ice
HPRegen 1.13/turn    C - +4 ring of protection
MPRegen 0.00/turn

%: no teleportation, infuse magic (-3 HP)
@: flying
A: sickness immunity, fire resistance 2, cold vulnerability 1, float, innate
caster, HP casting, extra vitality 1
a: Renounce Religion, Purification, Heal Other, Heal Self, Divine Vigour


You were in a Gauntlet.
You worshipped Elyvilon.
Elyvilon was extremely pleased with you.
You visited 3 branches of the dungeon, and saw 13 of its levels.
You also visited: Sewer and Gauntlet.

You collected 663 gold pieces.

Inventory:

Hand Weapons
 K - a +6 flail of venom (weapon)
Missiles
 q - 25 poisoned darts (quivered)
 E - 3 throwing nets
 F - 6 javelins
 Z - 2 curare-tipped darts
Armour
 d - +0 acid dragon scales (worn)
 f - a +2 cloak (worn)
 h - a +1 helmet (worn)
 m - the +1 cloak of the Fife {rPois Str+4 Stlth-}
   (You found it in a Gauntlet)

   Str+4:     It affects your strength (+4).
   rPois:     It protects you from poison Stlth-: It makes you less stealthy.
 o - a scarf of repulsion
 s - the +0 hat of Qazlal's Condemnation {Harm Str+3 Dex+3}
   (You found it in a Gauntlet)

   Str+3:     It affects your strength (+3).
   Dex+3:     It affects your dexterity (+3).
   Harm:      It increases damage dealt and taken.
 A - a +0 buckler (worn)
Jewellery
 g - a ring of ice (left hand)
 k - an amulet of regeneration (around neck)
 r - a ring of see invisible
 C - a +4 ring of protection (right hand)
 N - a ring of willpower
Wands
 n - a wand of mindburst (12)
 x - a wand of roots (12)
 B - a wand of polymorph (13)
 I - a wand of charming (10)
 M - a wand of light (18)
Scrolls
 b - 5 scrolls of butterflies
 c - 3 scrolls of amnesia {unknown}
 i - 3 scrolls of blinking {unknown}
 p - a scroll of torment {unknown}
 w - a scroll of poison {unknown}
 y - a scroll of immolation {unknown}
 z - a scroll of enchant weapon {unknown}
 G - 3 scrolls of enchant armour {unknown}
 P - 2 scrolls of silence {unknown}
 Q - 4 scrolls of fog
 R - a scroll of fear {unknown}
 V - a scroll of revelation {unknown}
 X - a scroll of acquirement {unknown}
Potions
 a - a potion of magic {unknown}
 e - 4 potions of heal wounds
 j - 4 potions of curing
 l - 2 potions of might
 t - 5 potions of haste {unknown}
 u - 2 potions of brilliance
 v - a potion of degeneration {unknown}
 D - a potion of ambrosia {unknown}
 J - a potion of berserk rage {unknown}
 S - a potion of cancellation {unknown}
 T - 2 potions of mutation {unknown}
 U - 3 potions of invisibility {unknown}
Miscellaneous
 H - a lightning rod (4/4)


   Skills:
 * Level 6.2 Fighting
 + Level 2.8 Armour
 + Level 4.9 Dodging
 + Level 2.0 Stealth
 + Level 5.1 Shields
 + Level 12.3 Spellcasting
 + Level 12.3 Conjurations
 + Level 12.3 Hexes
 + Level 12.3 Summonings
 + Level 12.3 Necromancy
 + Level 12.3 Translocations
 + Level 12.3 Fire Magic
 + Level 12.3 Ice Magic
 + Level 12.3 Air Magic
 + Level 12.3 Earth Magic
 + Level 12.3 Alchemy
 * Level 8.5 Invocations
 + Level 3.0 Evocations


You knew the following spells:

 Your Spells              Type           Power      Damage    Failure   Level
a - Foxfire               Conj/Fire      100%       2x1d9     1%          1
b - Scorch                Fire           100%       2d9       1%          2
c - Volatile Blastmotes   Fire/Tloc      100%       2d18      1%          3
d - Inner Flame           Hex/Fire       59%        N/A       1%          3
e - Flame Wave            Conj/Fire      59%        2d14      1%          4
f - Magic Dart            Conj           100%       1d8       1%          1
g - Mercury Vapours       Alch/Air       100%       N/A       1%          2
h - Stone Arrow           Conj/Erth      100%       3d13      1%          3
i - Martyr's Knell        Necr/Summ      59%        N/A       1%          4
j - Brom's Barrelling Bo  Conj/Erth      59%        2d7       1%          4
Your spell library was empty.

Dungeon Overview and Level Annotations

Branches:
Dungeon (11/15)            Temple (1/1) D:5            Lair (1/5) D:8
    Orc (0/2) D:9           Sewer (visited)         Gauntlet (1/1)

Altars:
Ashenzari
Cheibriados
Dithmenos
Elyvilon
Fedhas
Gozag
Hepliaklqana
Makhleb
Nemelex Xobeh
Okawaru
Qazlal
Ru
Trog
Uskayaw
Wu Jian
Xom
Yredelemnul
Zin
The Shining One

Portals:
Trove: D:11 (give +4 demon trident)

Annotations:
D:7 3 runed translucent doors, Sabo's ghost, novice GnMo Gauntlet 10 runed translucent doors, 8 transporters


Innate Abilities, Weirdness & Mutations

You are immune to sickness and miasma.
You are immune to poison.
Your flesh is very heat resistant. (rF++)
You are vulnerable to cold. (rC-)
You float through the air rather than walking.
You learn spells naturally, not from books.
Your magical power is your life essence.
You have superior vitality. (+4 MHP)


Message History

Aiming: Stone Arrow (safe; 1% risk of failure)
Press: ? - help, Shift-Dir - straight line, f - minotaur
Aim: a minotaur, wielding a +0 battleaxe, wearing a +0 chain mail and quivering silver javelins (lightly wounded, 87% to hit)
The stone arrow hits the minotaur!!
The minotaur is moderately wounded.
The minotaur throws a silver javelin.
The silver javelin pierces through you!!
You are healed.
The minotaur throws a silver javelin.
The silver javelin pierces through you!
Casting: Stone Arrow (safe; 1% risk of failure)
Confirm with . or Enter, or press ? or * to list all spells.
Aiming: Stone Arrow (safe; 1% risk of failure)
Press: ? - help, Shift-Dir - straight line, f/p - minotaur
Aim: a minotaur, wielding a +0 battleaxe, wearing a +0 chain mail and quivering silver javelins (moderately wounded, 87% to hit)
The stone arrow misses the minotaur.
Casting: Stone Arrow (safe; 1% risk of failure)
Confirm with . or Enter, or press ? or * to list all spells.
Aiming: Stone Arrow (safe; 1% risk of failure)
Press: ? - help, Shift-Dir - straight line, f/p - minotaur
Aim: a minotaur, wielding a +0 battleaxe, wearing a +0 chain mail and quivering silver javelins (moderately wounded, 87% to hit)
The stone arrow hits the minotaur!!
The minotaur is heavily wounded.
The minotaur hits you with a +0 battleaxe!!
* * * LOW HITPOINT WARNING * * *
The minotaur gores you but does no damage.
You are healed.
The minotaur hits you with a +0 battleaxe!!
* * * LOW HITPOINT WARNING * * *
The minotaur gores you!
* * * LOW HITPOINT WARNING * * *
Unknown command.
You are healed.
The minotaur hits you with a +0 battleaxe!
* * * LOW HITPOINT WARNING * * *
The minotaur gores you but does no damage.
You are healed.
The minotaur hits you with a +0 battleaxe!!
* * * LOW HITPOINT WARNING * * *
The minotaur gores you!
You die...

#################################
#8##≈...............≈##8# #8# #8
####8.8.8..©.©..8.8.8#### ### ##
#≈...............≈#
#####.###.###.#####
##.###.###.### #.............#
#.###.###.###.# ........H@...#
######'####### #. .. +⌠. #.. #.⌠
##+


You could see a minotaur.

Vanquished Creatures
  Josephine (D:10)
  An entropy weaver (Gauntlet)
  A hell beast (Gauntlet)
  2 boulder beetles (D:11)
  Sonja (D:10)
  Pikel (D:4)
  A wolf spider (Gauntlet)
  Maurice (D:8)
  A manticore (D:11)
  An elephant (D:8)
  A gargoyle (D:10)
  2 cane toads (Lair:1)
  2 kobold demonologists
  A komodo dragon (Lair:1)
  Prince Ribbit (D:6)
  A shadow (D:8)
  A wyvern (D:10)
  17 yaks
  5 wraiths
  A basilisk (D:8)
  2 steam dragons
  A redback (Gauntlet)
  Menkaure (D:6)
  Edmund (D:6)
  2 acid dragons
  A water moccasin (Lair:1)
  Duvessa (D:6)
  A hell hound (Gauntlet)
  2 black bears
  8 orc warriors
  A sky beast (D:6)
  An ogre (D:7)
  An ice beast (D:5)
  3 centaurs (D:9)
  2 lemures (D:5)
  3 phantoms
  2 kobold brigands (D:8)
  2 brain worms (Sewer)
  6 bullfrogs
  Blork the orc (D:5)
  A gnoll sergeant (D:10)
  4 scorpions
  A burial acolyte (D:7)
  10 wights
  Dowan (D:6)
  4 killer bees (D:9)
  4 howler monkeys (D:9)
  A bombardier beetle (D:7)
  A hound (D:5)
  7 jellies
  Crazy Yiuf (D:2)
  9 orc priests
  Jessica (D:3)
  2 sleepcaps
  17 orc wizards
  6 iguanas
  A hound zombie (D:7)
  Robin (D:3)
  4 gnolls (D:10)
  3 river rats (Sewer)
  16 adders
  3 shadow imps (D:7)
  2 white imps (D:6)
  2 ufetubi (D:6)
  2 adder zombies (D:7)
  A dart slug (D:1)
  3 ribbon worms
  42 orcs
  11 ball pythons
  7 bats
  12 endoplasms
  5 giant cockroaches
  3 gnoll zombies (D:7)
  4 hobgoblins
  2 jackals (D:2)
  4 quokkas
  9 frilled lizards
  17 goblins
  24 kobolds
  A kobold zombie (D:7)
  6 rats
340 creatures vanquished.

Vanquished Creatures (collateral kills)
  2 boulders (Lair:1)
  2 foxfires (D:2)
4 creatures vanquished.

Vanquished Creatures (others)
  508 foxfires
508 creatures vanquished.

Grand Total: 852 creatures vanquished

Notes
Turn   | Place    | Note
-------+----------+-------------------------------------------
     0 | D:1      | monsoonserge the Djinni Fire Elementalist began the quest
                  | for the Orb.
     0 | D:1      | monsoonserge set off with the following spells memorised:
                  | Foxfire, Scorch, Volatile Blastmotes, Inner Flame, Flame
                  | Wave.
     0 | D:1      | Reached XP level 1. HP: 15/15 MP: 0/0
    98 | D:1      | Found a faded altar of an unknown god.
   161 | D:1      | Reached XP level 2. HP: 19/21 MP: 0/0
   420 | D:1      | Reached XP level 3. HP: 21/25 MP: 0/0
   420 | D:1      | Learned a level 1 spell: Magic Dart
   731 | D:2      | Found a white marble altar of Elyvilon.
   739 | D:2      | Became a worshipper of Elyvilon the Healer
   811 | D:2      | Reached XP level 4. HP: 27/31 MP: 0/0
  1255 | D:2      | Found a runed translucent door.
  1256 | D:2      | Noticed Crazy Yiuf
  1451 | D:3      | Reached * piety under Elyvilon
  1472 | D:3      | Noticed Robin
  1492 | D:2      | Reached XP level 5. HP: 29/35 MP: 0/0
  1492 | D:2      | Learned a level 2 spell: Mercury Vapours
  1632 | D:2      | Killed Crazy Yiuf
  1705 | D:2      | Reached XP level 6. HP: 22/41 MP: 0/0
  1786 | D:3      | Reached skill level 5 in Spellcasting
  1786 | D:3      | Reached skill level 5 in Conjurations
  1786 | D:3      | Reached skill level 5 in Hexes
  1786 | D:3      | Reached skill level 5 in Summonings
  1786 | D:3      | Reached skill level 5 in Necromancy
  1786 | D:3      | Reached skill level 5 in Translocations
  1786 | D:3      | Reached skill level 5 in Fire Magic
  1786 | D:3      | Reached skill level 5 in Ice Magic
  1786 | D:3      | Reached skill level 5 in Air Magic
  1786 | D:3      | Reached skill level 5 in Earth Magic
  1786 | D:3      | Reached skill level 5 in Alchemy
  1909 | D:3      | Noticed Jessica
  1914 | D:3      | Killed Jessica
  1918 | D:3      | Killed Robin
  2237 | D:3      | Found a stormy altar of Qazlal.
  2237 | D:3      | Found a white marble altar of Elyvilon.
  2237 | D:3      | Found a burning altar of Makhleb.
  2237 | D:3      | Found a glowing golden altar of the Shining One.
  2266 | D:3      | Reached XP level 7. HP: 44/46 MP: 0/0
  2266 | D:3      | Learned a level 3 spell: Stone Arrow
  2494 | D:3      | Found a basalt altar of Yredelemnul.
  2584 | D:4      | Reached skill level 1 in Invocations
  2627 | D:4      | Found a sparkling altar of Nemelex Xobeh.
  2655 | D:4      | Reached ** piety under Elyvilon
  3252 | D:5      | Entered Level 5 of the Dungeon
  3340 | D:5      | Reached XP level 8. HP: 48/51 MP: 0/0
  3352 | D:5      | Noticed Pikel
  3369 | D:4      | Killed Pikel
  3370 | D:4      | Reached skill level 1 in Fighting
  3454 | D:5      | Noticed Blork the orc
  3457 | D:5      | Killed Blork the orc
  3458 | D:5      | Reached XP level 9. HP: 57/57 MP: 0/0
  3458 | D:5      | Learned a level 4 spell: Martyr's Knell
  3473 | D:5      | Reached skill level 1 in Shields
  3548 | D:5      | Reached *** piety under Elyvilon
  3554 | D:5      | Found a bloodstained altar of Trog.
  3599 | D:5      | Reached skill level 5 in Invocations
  3769 | D:5      | Found a staircase to the Ecumenical Temple.
  3776 | Temple   | Entered the Ecumenical Temple
  3881 | D:6      | Noticed Edmund
  3889 | D:6      | Killed Edmund
  3890 | D:6      | Reached skill level 1 in Evocations
  3920 | D:6      | Noticed Menkaure
  3926 | D:6      | Killed Menkaure
  4038 | D:6      | Identified the +4 quarterstaff of Wyrd {holy, +Blink}
  4044 | D:6      | Noticed Prince Ribbit
  4055 | D:6      | Killed Prince Ribbit
  4091 | D:6      | Noticed Dowan
  4092 | D:6      | Noticed Duvessa
  4108 | D:6      | Killed Dowan
  4116 | D:6      | Killed Duvessa
  4122 | D:6      | Reached XP level 10. HP: 47/62 MP: 0/0
  4169 | D:6      | Found a glowing drain.
  4187 | Sewer    | Entered a sewer
  4674 | D:7      | Noticed a centaur warrior
  4674 | D:7      | Noticed Sabo's ghost (novice GnMo)
  4674 | D:7      | Found a runed translucent gate.
  4674 | D:7      | Found a runed translucent gate.
  4718 | D:7      | Found a runed translucent gate.
  5310 | D:7      | Reached **** piety under Elyvilon
  5479 | D:8      | Noticed an elephant
  5496 | D:8      | Killed an elephant
  5552 | D:8      | Found a staircase to the Lair.
  5576 | D:8      | Reached skill level 10 in Spellcasting
  5576 | D:8      | Reached skill level 10 in Conjurations
  5576 | D:8      | Reached skill level 10 in Hexes
  5576 | D:8      | Reached skill level 10 in Summonings
  5576 | D:8      | Reached skill level 10 in Necromancy
  5576 | D:8      | Reached skill level 10 in Translocations
  5576 | D:8      | Reached skill level 10 in Fire Magic
  5576 | D:8      | Reached skill level 10 in Ice Magic
  5576 | D:8      | Reached skill level 10 in Air Magic
  5576 | D:8      | Reached skill level 10 in Earth Magic
  5576 | D:8      | Reached skill level 10 in Alchemy
  5732 | D:8      | Found a snail-covered altar of Cheibriados.
  5737 | D:8      | Found a shimmering altar of Xom.
  5799 | D:8      | Noticed Maurice
  5809 | D:8      | Killed Maurice
  5927 | D:8      | Reached XP level 11. HP: 56/67 MP: 0/0
  5927 | D:8      | Learned a level 4 spell: Brom's Barrelling Boulder
  6149 | D:8      | Upgraded the game from 0.31.0-11-ge490571c62 to
                  | 0.31.0-12-g77e489cdc1
  6605 | D:9      | Found a staircase to the Orcish Mines.
  6730 | D:9      | Found a burning altar of Makhleb.
  7136 | D:10     | Entered Level 10 of the Dungeon
  7170 | D:10     | Reached ***** piety under Elyvilon
  7177 | D:10     | Noticed Josephine
  7304 | D:10     | Found Xoumoceqa's Assorted Antiques.
  7428 | D:10     | Identified the +6 plate armour of Inamu {rPois rN+ Int+3}
  7615 | D:10     | Found a hide-covered altar of Uskayaw.
  7656 | D:10     | Noticed Sonja
  7664 | D:10     | Killed Sonja
  7816 | D:10     | Reached skill level 1 in Armour
  7979 | D:11     | Noticed a boulder beetle
  7990 | D:11     | Killed a boulder beetle
  7991 | D:11     | Reached XP level 12. HP: 75/78 MP: 0/0
  8057 | D:11     | Found a portal to a secret trove of treasure.
  8157 | D:11     | Noticed a boulder beetle
  8170 | D:11     | Killed a boulder beetle
  8276 | D:10     | Killed Josephine
  8277 | D:10     | Reached skill level 5 in Fighting
  8368 | Lair:1   | Entered Level 1 of the Lair of Beasts
  8444 | Lair:1   | Reached skill level 5 in Shields
  8551 | Lair:1   | Found a gate leading to a gauntlet.
  8566 | Gauntlet | Entered a Gauntlet
  8566 | Gauntlet | Noticed an entropy weaver
  8566 | Gauntlet | Found a large runed translucent door.
  8566 | Gauntlet | Found a large runed translucent door.
  8566 | Gauntlet | Found a large runed translucent door.
  8566 | Gauntlet | Found a large runed translucent door.
  8566 | Gauntlet | Found a runed translucent door.
  8566 | Gauntlet | Found a large runed translucent door.
  8566 | Gauntlet | Found a large runed translucent door.
  8566 | Gauntlet | Found a transporter.
  8566 | Gauntlet | Found a transporter.
  8566 | Gauntlet | Found a large runed translucent door.
  8566 | Gauntlet | Found a large runed translucent door.
  8566 | Gauntlet | Found a runed translucent gate.
  8566 | Gauntlet | Found a runed translucent gate.
  8566 | Gauntlet | Found a transporter.
  8567 | Gauntlet | Found a runed translucent door.
  8567 | Gauntlet | Found a runed translucent gate.
  8575 | Gauntlet | Found a large runed translucent door.
  8575 | Gauntlet | Found a large runed translucent door.
  8575 | Gauntlet | Found a large runed translucent door.
  8575 | Gauntlet | Found a large runed translucent door.
  8576 | Gauntlet | Found a large runed translucent door.
  8576 | Gauntlet | Found a large runed translucent door.
  8577 | Gauntlet | Found a large runed translucent door.
  8577 | Gauntlet | Found a large runed translucent door.
  8592 | Gauntlet | Found a transporter.
  8599 | Gauntlet | Noticed a hell beast
  8605 | Gauntlet | Found a transporter.
  8622 | Gauntlet | Noticed a sixfirhy
  8626 | Gauntlet | Found a transporter.
  8632 | Gauntlet | Found a transporter.
  8651 | Gauntlet | Found a transporter.
  8667 | Gauntlet | Found a transporter.
  8672 | Gauntlet | Found a transporter.
  8703 | Gauntlet | Noticed a fire crab
  8719 | Gauntlet | Found a transporter.
  8739 | Gauntlet | Found a transporter.
  8852 | Gauntlet | Elyvilon protects you from harm!
  8852 | Gauntlet | Elyvilon protects you from harm!
  8853 | Gauntlet | HP: 3/82 [entropy weaver (8)]
  8853 | Gauntlet | HP: 1/82 [entropy weaver (2)]
  8858 | Gauntlet | Killed an entropy weaver
  8919 | Gauntlet | Identified the +1 cloak of the Fife {rPois Str+4 Stlth-}
  8963 | Gauntlet | Killed a hell beast
  8966 | Gauntlet | Identified the +0 hat of Qazlal's Condemnation {Harm Str+3
                  | Dex+3}
  9013 | Gauntlet | Noticed a minotaur
  9023 | Gauntlet | Slain by a minotaur

Illustrated notes

Levels and vault maps discovered:
D:1:      zaba_arrival_water, layout_basic,
          chequers_ecumenical_altar_simple_redux, chequers_garden,
          minmay_ruptured
D:2:      layout_rooms, basic_altar, serial_forest, infiniplex_forest_3_way,
          infiniplex_forest_clump_small, infiniplex_forest_fountain,
          infiniplex_forest_end_2, infiniplex_forest_clump_tiny,
          infiniplex_forest_lined_3_way, infiniplex_forest_side_room,
          nicolae_underground_beach, uniq_crazy_yiuf_cottage
D:3:      cheibrodos_fertilizer, layout_rooms, lemuel_doored_altar,
          uniq_jessica, uniq_robin
D:4:      layout_loops_ring, nemelex_xobeh_ov_fountains_minmay
D:5:      layout_rooms, hellmonk_overflow_destroyed_library,
          minmay_temple_entry_purple_smoke, chequers_serial_rivers_room_a,
          uniq_pikel, uniq_blork_the_orc
D:6:      layout_rooms, portal_sewer_entry_c, uniq_menkaure, uniq_duvessa,
          uniq_edmund, uniq_prince_ribbit1
D:7:      layout_loops_ring, regret_index_kikubaaqudgha_part_by_part,
          gammafunk_ghost_split
D:8:      layout_basic, mainiacjoe_overflow_big_doors, david_lair_generic,
          uniq_maurice
D:9:      layout_roguey, mainiacjoe_overflow_surrounded_room, david_orc_5
D:10:     layout_irregular_city, mainiacjoe_overflow_24_doors, serial_shops,
          nicolae_shop_peninsula, uniq_josephine, uniq_sonja
D:11:     layout_long_grid, enter_trove_1, nicolae_doodle_vault
Temple:   compressed_dpeg_triangle_lava_temple
Lair:1:   layout_concentric_octagons, gauntlet_entry_generic
Gauntlet: gammafunk_gauntlet_shortcut
          [minmay_gauntlet_arena_make_your_own_arena,
          nicolae_gauntlet_arena_flowing_pool, nicolae_gauntlet_arena_quarters,
          gammafunk_gauntlet_arena_chambers, gammafunk_gauntlet_arena_hedges,
          nicolae_gauntlet_arena_t_cross, gauntlet_exit_hidden_loot]

Skill      XL: |  1  2  3  4  5  6  7  8  9 10 11 12 |
---------------+-------------------------------------+-----
Stealth        | 2 |  2.0
Dodging        | 3 4 |  4.9
Spellcasting   | 4 5 6 7 8 10 11 12 | 12.3
Conjurations   | 4 5 6 7 8 10 11 12 | 12.3
Hexes          | 4 5 6 7 8 10 11 12 | 12.3
Summonings     | 4 5 6 7 8 10 11 12 | 12.3
Necromancy     | 4 5 6 7 8 10 11 12 | 12.3
Translocations | 4 5 6 7 8 10 11 12 | 12.3
Fire Magic     | 4 5 6 7 8 10 11 12 | 12.3
Ice Magic      | 4 5 6 7 8 10 11 12 | 12.3
Air Magic      | 4 5 6 7 8 10 11 12 | 12.3
Earth Magic    | 4 5 6 7 8 10 11 12 | 12.3
Alchemy        | 4 5 6 7 8 10 11 12 | 12.3
Invocations    | 3 4 5 7 8 |  8.5
Fighting       | 1 4 6 |  6.2
Shields        | 4 5 |  5.1
Evocations     | 2 3 |  3.0
Armour         | 1 2 |  2.8

Action                     |  1- 3 |  4- 6 |  7- 9 | 10-12 || total
---------------------------+-------+-------+-------+-------++-------
  Melee: Flail             |       |       |     1 |     3 ||     4
   Cast: Foxfire           |    49 |    22 |    52 |   171 ||   294
         Scorch            |     6 |    33 |    78 |   112 ||   229
         Inner Flame       |       |     4 |       |     5 ||     9
         Volatile Blastmot |       |    13 |    15 |    88 ||   116
         Mercury Vapours   |       |     1 |     1 |    10 ||    12
         Flame Wave        |       |     1 |     2 |    23 ||    26
         Stone Arrow       |       |       |     1 |    33 ||    34
         Brom's Barrelling |       |       |       |     4 ||     4
 Invoke: Heal Self         |       |       |       |     9 ||     9
    Use: Potion            |       |     1 |       |     1 ||     2
         Scroll            |       |       |       |     7 ||     7
 Armour: Robe              |     5 |    26 |    25 |    37 ||    93
         Leather armour    |       |       |       |    18 ||    18
         Acid dragon scale |       |       |       |    70 ||    70
  Dodge: Dodged            |     4 |    33 |    16 |    56 ||   109
  Block: Buckler           |       |       |     5 |    38 ||    43
